 Seeded DCSS version 0.30-a0-187-gd9c2deaf24 (webtiles) character file.

Game seed: 20221001 (custom seed)

566 a11behringer the Cudgeller (level 7, -1/60 HPs)
             Began as a Meteoran Fighter on Oct 3, 2022.
             Slain by a gnoll
             ... wielding a +5 vorpal halberd
              (13 damage)
             ... on level 5 of the Dungeon.
             The game lasted 00:07:03 (1119 turns).

a11behringer the Cudgeller (Meteoran Fighter)       Turns: 1119, Time: 00:07:03

Health: -1/60      AC: 13    Str: 19    XL:     7   Next: 90%
Magic:  8/8        EV:  5    Int:  9    God:
Gold:   201        SH:  5    Dex: 15    Spells: 6/6 levels left

rFire   . . .      SeeInvis .    q - +0 flail (vorpal)
rCold   . . .      Faith    .    c - +0 buckler
rNeg    . . .      Spirit   .    g - +0 plate armour {Will+}
rPois   .          Reflect  .    (no helmet)
rElec   .          Harm     .    r - +0 cloak
rCorr   .          Rampage  .    (no gloves)
Will    +....                    (no boots)
Stlth   ..........               e - amulet of regeneration
HPRegen 1.10/turn                (no ring)
MPRegen 0.11/turn                (no ring)

@: glowing
A: sense surroundings 1, otherworldly, glowing, explore regen
a: no special abilities


You were on level 5 of the Dungeon.
You visited 1 branch of the dungeon, and saw 5 of its levels.

You collected 201 gold pieces.

Inventory:

Hand Weapons
 a - a +0 flail
 q - a +0 vorpal flail (weapon)
Armour
 b - a +0 scale mail
 c - a +0 buckler (worn)
 g - a +0 plate armour of willpower (worn)
 r - a +0 cloak (worn)
Jewellery
 e - an amulet of regeneration (around neck)
 j - an amulet of reflection
Wands
 l - a wand of light (12)
 n - a wand of charming (13)
Scrolls
 f - 2 scrolls of identify {unknown}
 h - 3 scrolls of teleportation {unknown}
 k - a scroll of fog {unknown}
 m - a scroll of blinking {unknown}
 p - a scroll of magic mapping {unknown}
Potions
 d - a potion of might
 i - 4 potions of curing {unknown}
 o - a potion of mutation {unknown}


   Skills:
 + Level 4.9 Fighting
 * Level 6.8 Maces & Flails
 + Level 5.4 Armour
 + Level 5.4 Shields


You had 6 spell levels left.
You didn't know any spells.
Your spell library contained the following spells:

 Spells                   Type           Power      Damage    Failure   Level
 Freeze                   Ice            0%         1d3       100%        1
 Frozen Ramparts          Ice            0%         1d1       100%        3
 Hailstorm                Conj/Ice       0%         3d3       100%        3


Dungeon Overview and Level Annotations

Branches:
Dungeon (5/15) Zot: 1844
 Temple: D:4-7

Altars:
Cheibriados
Qazlal
Wu Jian

Shops:
D:2 :=


Innate Abilities, Weirdness & Mutations

You passively map a small area around you.
You are easily found by Zot.
You glow in the dark.
You regain HP and MP as you explore.


Message History

You block Sigmund's attack. You block the gnoll's attack.
You closely miss Sigmund.
Sigmund is almost dead.
Sigmund hits you but does no damage.
The gnoll hits you but does no damage. x2
You closely miss Sigmund.
Sigmund is almost dead.
The gnoll hits you from afar with a +5 vorpal halberd!
You block the gnoll's attack. You block Sigmund's attack.
You hit Sigmund.
Sigmund is almost dead.
You block the gnoll's attack. The gnoll hits you with a +0 club.
You hit Sigmund.
You kill Sigmund!
You block the gnoll's attack. The gnoll barely misses you.
Things that are here:
a +0 scythe; a +0 robe of willpower; the human corpse of Sigmund The gnoll hits you with a +1 flail of protection!
You hit the gnoll but do no damage. You block the gnoll's attack.
You hit the gnoll.
The gnoll is heavily wounded.
The gnoll hits you but does no damage.
You barely miss the gnoll.
The gnoll is heavily wounded.
The gnoll hits you with a +1 flail of protection.
You closely miss the gnoll.
The gnoll is heavily wounded.
The gnoll hits you with a +1 flail of protection.
The gnoll barely misses you.
The gnoll hits you with a +1 flail of protection.
The gnoll hits you from afar with a +5 vorpal halberd!
You hit the gnoll but do no damage.
The gnoll is heavily wounded.
The gnoll hits you from afar with a +5 vorpal halberd!
* * * LOW HITPOINT WARNING * * *
The gnoll hits you with a +1 flail of protection.
* * * LOW HITPOINT WARNING * * *
You hit the gnoll but do no damage.
The gnoll is heavily wounded.
The gnoll hits you from afar with a +5 vorpal halberd!
You die...

#. ## #. .#* #.
.. #. . * #.#.
* #..# * #..#
*#.# #@# #g# ##
, #####g# #.. *
*
###...gg#*##...
,*
#....?..##...#
, #.#._.#.....#
* #......)..###
, ###.##...##
,, , * #.....##
* * *


You could see 4 gnolls.

Vanquished Creatures
  Sigmund (D:5)
  Duvessa (D:5)
  A necrophage (D:4)
  Dowan (D:5)
  An orc priest (D:4)
  3 orc wizards (D:4)
  An iguana (D:4)
  4 adders
  6 orcs
  A ball python (D:3)
  4 endoplasms
  2 goblins
  2 hobgoblins
  2 quokkas
  3 bats (D:3)
  2 frilled lizards (D:3)
  A kobold (D:3)
  2 rats
38 creatures vanquished.

Notes
Turn   | Place    | Note
-------+----------+-------------------------------------------
     0 | D:1      | a11behringer the Meteoran Fighter began the quest for the
                  | Orb.
     0 | D:1      | Reached XP level 1. HP: 19/19 MP: 2/2
    20 | D:1      | Reached skill level 3 in Maces & Flails
    20 | D:1      | Reached XP level 2. HP: 19/26 MP: 3/3
   106 | D:2      | Found Sooxtonn's Book Shop.
   174 | D:2      | Found Muxteh's Jewellery Shoppe.
   486 | D:3      | Found a stormy altar of Qazlal.
   704 | D:3      | Reached XP level 3. HP: 31/31 MP: 4/4
   797 | D:4      | Reached XP level 4. HP: 39/40 MP: 5/5
   819 | D:4      | Reached skill level 4 in Maces & Flails
   860 | D:4      | Found a snail-covered altar of Cheibriados.
   862 | D:4      | Noticed a necrophage
   864 | D:4      | Reached XP level 5. HP: 46/46 MP: 6/6
   874 | D:4      | Killed a necrophage
   894 | D:4      | Reached skill level 5 in Maces & Flails
   894 | D:4      | Reached XP level 6. HP: 38/52 MP: 7/7
  1007 | D:5      | Entered Level 5 of the Dungeon
  1019 | D:5      | Noticed Duvessa
  1025 | D:5      | Killed Duvessa
  1025 | D:5      | Noticed Dowan
  1026 | D:5      | Reached skill level 6 in Maces & Flails
  1026 | D:5      | Reached skill level 5 in Armour
  1026 | D:5      | Reached skill level 5 in Shields
  1026 | D:5      | Reached XP level 7. HP: 60/60 MP: 8/8
  1034 | D:5      | Killed Dowan
  1089 | D:5      | Noticed Sigmund
  1091 | D:5      | Found an ornate altar of the Wu Jian Council.
  1104 | D:5      | Killed Sigmund
  1119 | D:5      | Slain by a gnoll

Illustrated notes

Levels and vault maps discovered:
D:1:      scummos_arrival_checkerplants, layout_basic,
          chequers_ecumenical_altar_simple_redux, minmay_rat_gold_closets
D:2:      minmay_roachtagon, layout_loops_ring, serial_shops,
          nicolae_square_shop, shop
D:3:      layout_loops_ring, amcnicky_altar_gilded
D:4:      layout_basic, mainiacjoe_overflow_concentric_impassable,
          cheibriados_altar_1, nicolae_overflow_squiral
D:5:      layout_cave_pods, mainiacjoe_overflow_tiny_flanked,
          kennysheep_generic_room_3, uniq_duvessa, uniq_menkaure, uniq_sigmund

Skill      XL: |  1  2  3  4  5  6 |
---------------+-------------------+-----
Maces & Flails | 3 4 5 6 |  6.8
Armour         | 4 5 |  5.4
Shields        | 4 5 |  5.4
Fighting       | 4 |  4.9

Action                   |  1- 3 |  4- 6 |  7- 9 || total
-------------------------+-------+-------+-------++-------
Melee: Flail             |    63 |    85 |    20 ||   168
  Use: Potion            |       |     1 |       ||     1
Armor: Scale mail        |     4 |       |       ||     4
       Plate armour      |    57 |    63 |     9 ||   129
Dodge: Dodged            |     9 |    14 |     4 ||    27
Block: Buckler           |    28 |    11 |    11 ||    50

Table legend: (Time is in decaauts)
 A = Elapsed time spent in this place.
 B = Non-inter-level travel time spent in this place.
 C = Inter-level travel time spent in this place.
 D = Time resting spent in this place.
 E = Time spent auto-exploring this place.
 F = Levels seen in this place.
 G = Mean time per level.
                   A        B        C        D        E       F      G
               +--------+--------+--------+--------+--------+-----+--------+
         Total |   1154 |    796 |    358 |      0 |    420 |   5 |  230.8 |
       Dungeon |   1154 |    796 |    358 |      0 |    420 |   5 |  230.8 |
               +--------+--------+--------+--------+--------+-----+--------+

Top non-repeatable levels by time:
     D:3: 403 daAuts
     D:2: 349 daAuts
     D:4: 243 daAuts
     D:5: 114 daAuts
     D:1: 43 daAuts
